 Dungeon Crawl Stone Soup version 0.31-a0-232-gb1c03b2570 (webtiles) character file.

Game seed: 17749249313493934859

92 qw the Shooter (level 4, 0/36 HPs)
             Began as a Minotaur Hexslinger on July 7, 2023.
             Hit by a stone thrown by a gnoll (5 damage)
             ... on level 3 of the Dungeon.
             The game lasted 00:00:42 (1827 turns).

qw the Shooter (Minotaur Hexslinger)                Turns: 1827, Time: 00:00:42

Health: 0/36       AC:  3    Str: 12    XL:     4   Next: 35%
Magic:  4/4        EV: 12    Int: 10    God:
Gold:   97         SH:  0    Dex: 15    Spells: 4/5 levels left

rFire   . . .        Y - +1 sling
rCold   . . .        (no shield)
rNeg    . . .        f - +0 leather armour
rPois   .            (helmet restricted)
rElec   .            (no cloak)
rCorr   .            (no gloves)
SInv    .            (no boots)
Will    .....        (no amulet)
Stlth   +            (no ring)
HPRegen 0.26/turn    (no ring)
MPRegen 0.09/turn

%: no passive effects
@: about to teleport
A: horns 2, retaliatory headbutt
a: no special abilities


You were on level 3 of the Dungeon.
You visited 1 branch of the dungeon, and saw 3 of its levels.

You collected 97 gold pieces.


Innate Abilities, Weirdness & Mutations

You have a pair of horns on your head.
You reflexively headbutt those who attack you in melee.


   Skills:
 - Level 2.0 Fighting
 + Level 4.9 Ranged Weapons
 - Level 2.1 Dodging
 - Level 1.0 Spellcasting
 - Level 2.0 Hexes


You had 4 spell levels left.
You knew the following spells:

 Your Spells              Type           Power      Damage    Failure   Level
a - Slow                  Hex            16%        N/A       19%         1

Your spell library contained the following spells:

 Spells                   Type           Power      Damage    Failure   Level
 Inner Flame              Hex/Fire       2%         N/A       65%         3
 Portal Projectile        Hex/Tloc       4%         N/A       65%         3
 Cause Fear               Hex            2%         N/A       88%         4

Inventory:

Hand Weapons
 Y - a +1 sling (weapon)
Armour
 b - the +3 leather armour "Roxti" {rN+ rCorr Int+4}
   (You found it on level 3 of the Dungeon)

   Int:       It affects your intelligence (+4).
   rN:        It protects you from negative energy.
   rCorr:     It protects you from acid and corrosion.
 f - a +0 leather armour (worn)
Jewellery
 c - a ring of protection from cold
 j - a +6 ring of dexterity
Scrolls
 a - 2 scrolls of identify
Potions
 e - a potion of berserk rage {unknown}
 g - a potion of haste {unknown}
 h - a potion of lignification {unknown}
 i - a potion of resistance {unknown}

Dungeon Overview and Level Annotations

Branches:
Dungeon (3/15)

Altars:


Message History

a +0 whip; a gnoll corpse A rat comes into view.
Enter note:
Enter note: You shoot a sling bullet.
The sling bullet hits the rat but does no damage.
You shoot a sling bullet. The sling bullet hits the rat!
You kill the rat!
There is an open door here.
A gnoll comes into view. It is wielding a +0 halberd.
Enter note:
Enter note: You shoot a sling bullet.
The sling bullet hits the gnoll but does no damage.
You shoot a sling bullet. The sling bullet hits the gnoll.
The gnoll is heavily wounded.
The gnoll throws a stone.
The stone hits you.
You shoot a sling bullet.
The sling bullet hits the gnoll but does no damage.
The gnoll is heavily wounded.
The gnoll closely misses you.
You shoot a sling bullet.
The sling bullet hits the gnoll but does no damage.
The gnoll is heavily wounded.
The gnoll throws a stone.
The stone misses you.
You shoot a sling bullet.
The sling bullet closely misses the gnoll.
The gnoll hits you from afar with a +0 halberd.
You shoot a sling bullet. The sling bullet hits the gnoll.
The gnoll is heavily wounded.
The gnoll hits you from afar with a +0 halberd!
You shoot a sling bullet. The sling bullet hits the gnoll.
The gnoll is severely wounded.
The gnoll hits you from afar with a +0 halberd!
The gnoll throws a stone.
The stone hits you but does no damage.
1827 ||| READING scroll of teleportation.
As you read the scroll of teleportation, it crumbles to dust.
You feel strangely unstable.
The gnoll throws a stone.
The stone hits you.
You die...

##.########.# #.#........#
#.#
######.########.#........#
#.#
#...............#........#
#.#
#......######............#
#.#
#......'...##.###........#
#.# #......###.##.#
#........# #.# #......#
#.##.# #........# #.#
#......# #.##.# #........#
#.# #......#
#@##.#####..#####
##.###......#
#.##........#
#...........#
#g##..#####)######
############# #.##..
#...)... #.. #######. ..#
#########. ... ........#.
... .......... ########..


You could see a gnoll.

Vanquished Creatures
  2 gnolls (D:3)
  An adder (D:2)
  4 dart slugs
  8 bats
  3 endoplasms
  4 giant cockroaches
  4 goblins
  4 hobgoblins
  2 jackals (D:2)
  4 kobolds
  A quokka (D:2)
  6 ball pythons
  A frilled lizard (D:1)
  7 rats
51 creatures vanquished.

Notes
Turn   | Place    | Note
-------+----------+-------------------------------------------
     0 | D:1      | qw the Minotaur Hexslinger began the quest for the Orb.
     0 | D:1      | Reached XP level 1. HP: 16/16 MP: 1/1
     0 | D:1      | 0 ||| qw: Version: 0.3-a-46-gb1f654a
     0 | D:1      | 0 ||| qw: Game counter: 2945
     0 | D:1      | 0 ||| qw: Melee chars always use a shield: true
     0 | D:1      | 0 ||| qw: God list: Okawaru
     0 | D:1      | 0 ||| qw: Allow faded altars: false
     0 | D:1      | 0 ||| qw: Do Orc after clearing Dungeon:15 true
     0 | D:1      | 0 ||| qw: Do second Lair branch before Depths: true
     0 | D:1      | 0 ||| qw: Lair rune preference: random
     0 | D:1      | 0 ||| qw: Goals: Normal
     0 | D:1      | 0 ||| PLANNING D:1-11
   182 | D:1      | Reached skill level 3 in Ranged Weapons
   182 | D:1      | Reached XP level 2. HP: 18/23 MP: 2/2
   564 | D:1      | Reached XP level 3. HP: 29/29 MP: 3/3
   615 | D:1      | 615 ||| READING 3 scrolls labelled ATOYNKAHAU.
   616 | D:1      | 616 ||| READING scroll labelled VEATOS VIH ETO.
   617 | D:1      | 617 ||| READING scroll labelled WISCHE DAFIUMM.
   620 | D:1      | 620 ||| READING scroll labelled VIXKIKKOST.
   671 | D:1      | 671 ||| DROPPING 2 scrolls of blinking.
   672 | D:1      | 672 ||| DROPPING scroll of poison.
   770 | D:2      | Reached skill level 4 in Ranged Weapons
   915 | D:2      | Noticed an eye of devastation
   921 | D:2      | Noticed a golden eye
   923 | D:2      | Found a faded altar of an unknown god.
   926 | D:2      | Noticed a shining eye
   926 | D:2      | Noticed a shining eye
  1339 | D:2      | Reached XP level 4. HP: 36/36 MP: 4/4
  1399 | D:2      | 1399 ||| UPGRADING to +0 leather armour.
  1409 | D:2      | 1409 ||| DROPPING +0 robe.
  1410 | D:2      | 1410 ||| DROPPING ring of wizardry.
  1411 | D:2      | 1411 ||| READING 2 scrolls labelled MYOGHI WOJEU.
  1559 | D:3      | Identified the +3 leather armour "Roxti" {rN+ rCorr Int+4}
  1675 | D:3      | 1675 ||| FLEEEEING.
  1677 | D:3      | 1677 ||| FLEEEEING.
  1826 | D:3      | HP: 4/36 [gnoll/+0 halberd (12)]
  1827 | D:3      | 1827 ||| READING scroll of teleportation.
  1827 | D:3      | Hit by a stone thrown by a gnoll

Levels and vault maps discovered:
D:1:      wander_arrival_fairy_ring, layout_loops_cross
D:2:      layout_loops_ring, hellmonk_ecumenical_altar_watching_god,
          roderic_serpentine_path
D:3:      layout_basic

Skill      XL: |  1  2  3 |
---------------+----------+-----
Ranged Weapons | 3 4 |  4.9
Fighting       | 2 |  2.0
Dodging        | |  2.1
Spellcasting   | |  1.0
Hexes          | |  2.0

Action                     |  1- 3 |  4- 6 || total
---------------------------+-------+-------++-------
   Fire: Sling             |   135 |    30 ||   165
    Use: Scroll            |     4 |     2 ||     6
 Armour: Robe              |    18 |       ||    18
         Leather armour    |       |     1 ||     1
  Dodge: Dodged            |    33 |     6 ||    39

Table legend:
 A = Non-vault XP
 B = Vault XP
 C = Vault XP percentage of total XP
 D = Non-vault monster count
 E = Vault monster count
 F = Vault count percentage of total count
                 A         B        C        D         E       F
            +---------+---------+-------+---------+---------+-------
      Total |     132 |       0 |   0.0 |      51 |       0 |   0.0
            +---------+---------+-------+---------+---------+-------
        D:1 |      42 |       0 |   0.0 |      20 |       0 |   0.0
        D:2 |      55 |       0 |   0.0 |      24 |       0 |   0.0
        D:3 |      35 |       0 |   0.0 |       7 |       0 |   0.0
            +---------+---------+-------+---------+---------+-------
